 Dungeon Crawl Stone Soup version 0.18.1-50-g88ac8fd (webtiles) character file.

497 grisgris the Vexing (level 6, -5/44 HPs)
             Began as a Vampire Enchanter on Oct 23, 2016.
             Was a Follower of Sif Muna.
             Slain by a killer bee (7 damage)
             ... on level 5 of the Dungeon.
             The game lasted 00:13:15 (4476 turns).

grisgris the Vexing (Vampire Enchanter)             Turns: 4476, Time: 00:13:17

Health: -5/44      AC:  5    Str: 10 (12) XL:     6   Next: 93%
Magic:  2/11       EV: 13    Int: 18 (20) God:    Sif Muna [*.....]
Gold:   239        SH:  0    Dex: 14      Spells: 2 memorised, 7 levels left

rFire  . . .     SeeInvis +     a - +2 dagger
rCold  + + .     Gourm    .     b - +1 robe
rNeg   + + +     Faith    .     (no shield)
rPois  ∞         Spirit   .     (no helmet)
rElec  .         Dismiss  .     e - +0 cloak
rCorr  .         Reflect  .     i - +0 pair of gloves
SustAt .         Harm     .     (no boots)
MR     .....                    (no amulet)
Stlth  ++++......               (no ring)
                                h - +1 ring of slaying

@: mighty, bloodless, non-regenerating, not resistant to hostile enchantments,
stealthy
A: fangs 3, see invisible, unbreathing
a: Bat Form, Channel Energy, Renounce Religion


You were on level 5 of the Dungeon.
You worshipped Sif Muna.
Sif Muna was aware of your devotion.
You were bloodless.

You visited 2 branches of the dungeon, and saw 6 of its levels.

You collected 239 gold pieces.

Inventory:

Hand Weapons
 a - a +2 dagger (weapon)
Armour
 b - a +1 robe (worn)
 e - a +0 cloak (worn)
 i - a +0 pair of gloves (worn)
Jewellery
 h - a +1 ring of slaying (left hand)
Wands
 o - a wand of flame (14/48)
Scrolls
 d - a scroll of remove curse
 j - 4 scrolls of magic mapping
Potions
 g - 2 potions of flight
Books
 c - a book of Maledictions

   Spells                             Type                      Level
   a - Corona                         Hexes                        1
   b - Ensorcelled Hibernation        Hexes/Ice                    2
   c - Confuse                        Hexes                        3
   d - Tukima's Dance                 Hexes                        3
   e - Dazzling Spray                 Conjuration/Hexes            3


   Skills:
 + Level 2.0 Fighting
 + Level 2.6 Short Blades
 + Level 3.3 Dodging
 + Level 5.8 Stealth
 * Level 3.5 Spellcasting
 * Level 6.3 Hexes
 * Level 2.5 Ice Magic


You had 7 spell levels left.
You knew the following spells:

 Your Spells              Type           Power        Failure   Level  Hunger
a - Ensorcelled Hibernat  Hex/Ice        ###...       4%          2    ##.....
b - Confuse               Hex            ####....     3%          3    ###....


Dungeon Overview and Level Annotations

Branches:
Dungeon (5/15)             Temple (1/1) D:4

Altars:
Ashenzari
Cheibriados
Dithmenos
Fedhas
Gozag
Kikubaaqudgha
Makhleb
Nemelex Xobeh
Okawaru
Pakellas
Qazlal
Ru
Sif Muna
Vehumet
Xom
Yredelemnul
Zin

Annotations:
D:4 Dowan, Duvessa
D:5 1 runed door


Innate Abilities, Weirdness & Mutations

You do not heal naturally.
You are immune to poison.
You have razor-sharp teeth.
You have supernaturally acute eyesight.
You can survive without breathing.


Message History

The puff of flame misses the killer bee.
The puff of flame hits the giant cockroach.
The giant cockroach is almost dead.
Evoking this partially-identified wand wasted a few charges.
The killer bee closely misses you. The killer bee misses you.
Casting: Confuse
Confirm with . or Enter, or press ? or * to list all spells.
You don't have enough magic to cast that spell.
The killer bee closely misses you. The killer bee stings you.
* * * LOW HITPOINT WARNING * * *
Evoke which item? (* to show all) (? for menu, Esc to quit)
Zapping:
o - a wand of flame {zapped: 6} (will waste charges)
Press: ? - help, Shift-Dir - straight line, f/p - killer bee
Aim: a killer bee (moderately wounded)
The puff of flame hits the killer bee.
The killer bee is severely wounded.
Evoking this partially-identified wand wasted a few charges.
The killer bee stings you!
You die...

......## .......# .......#
.......# .......# ###....#
###....#
.....########################
..........(..ssy@..........>#
........##'##########.#######
...(....#.....####.......#
........#.....#..'.......#
........#.....#.##.......#
........##'####.##.......#
....######.# #..........#
..### #(# #......###.# ..#
#.#####.....# #.##


You could see a killer bee and 2 giant cockroaches.

Vanquished Creatures
  Sigmund (D:3)
  An ogre (D:3)
  A crimson imp (D:5)
  A hound (D:5)
  Crazy Yiuf (D:3)
  2 worker ants (D:5)
  6 adders
  2 worms (D:3)
  A dart slug (D:1)
  A giant gecko (D:1)
  4 orcs (D:3)
  4 giant cockroaches
  7 goblins
  13 hobgoblins
  4 kobolds
  3 quokkas
  3 ball pythons (D:3)
  6 bats
  4 giant newts
  9 rats
74 creatures vanquished.

Notes
Turn   | Place    | Note
--------------------------------------------------------------
     0 | D:1      | grisgris the Vampire Enchanter began the quest for the Orb.
     0 | D:1      | Reached XP level 1. HP: 13/13 MP: 3/3
   316 | D:4      | Found a staircase to the Ecumenical Temple.
   329 | Temple   | Entered the Ecumenical Temple
   421 | Temple   | Became a worshipper of Sif Muna the Loreminder
   619 | D:1      | Reached XP level 2. HP: 17/19 MP: 1/5
   630 | D:1      | Learned a level 2 spell: Ensorcelled Hibernation
  1470 | D:1      | Reached XP level 3. HP: 24/24 MP: 3/6
  2014 | D:3      | Noticed Sigmund
  2021 | D:3      | Killed Sigmund
  2021 | D:3      | Reached skill level 1 in Fighting
  2021 | D:3      | Reached skill level 5 in Stealth
  2021 | D:3      | Reached skill level 5 in Hexes
  2021 | D:3      | Reached skill level 1 in Ice Magic
  2021 | D:3      | Reached XP level 4. HP: 23/32 MP: 5/8
  2021 | D:3      | Reached XP level 5. HP: 26/37 MP: 5/9
  2419 | D:3      | Learned a level 3 spell: Confuse
  2725 | D:3      | Noticed an ogre
  3317 | D:3      | Noticed Crazy Yiuf
  3321 | D:3      | Killed Crazy Yiuf
  3422 | D:3      | Killed an ogre
  3422 | D:3      | Reached XP level 6. HP: 43/43 MP: 3/10
  3659 | D:4      | Noticed Dowan
  3661 | D:4      | Noticed Duvessa
  3716 | D:5      | Entered Level 5 of the Dungeon
  3794 | D:5      | Reached skill level 6 in Hexes
  3819 | D:5      | Found an opulent altar of Gozag.
  3889 | D:5      | Reached * piety under Sif Muna
  4089 | D:5      | Found a runed door.
  4163 | D:5      | Found an oddly glowing altar of Pakellas.
  4230 | D:5      | Found a sparkling altar of Nemelex Xobeh.
  4325 | D:5      | Found a runed door.
  4431 | D:5      | Noticed a soldier ant
  4475 | D:5      | HP: 2/44 [killer bee (6)]
  4476 | D:5      | Slain by a killer bee

Skill      XL: |  1  2  3  4  5  6 |
---------------+-------------------+-----
Fighting       | 1 2 |  2.0
Short Blades   | 2 |  2.6
Stealth        | 5 |  5.8
Hexes          | 5 6 |  6.3
Ice Magic      | 1 2 |  2.5
Spellcasting   | 3 |  3.5
Dodging        | 3 |  3.3

Action                   |  1- 3 |  4- 6 || total
-------------------------+-------+-------++-------
Melee: Dagger            |    66 |   110 ||   176
       Bite              |     6 |     7 ||    13
 Cast: Corona            |     8 |       ||     8
       Ensorcelled Hiber |    19 |    33 ||    52
       Confuse           |       |    16 ||    16
 Abil: End Transformatio |       |     2 ||     2
       Bat Form          |       |     2 ||     2
Evoke: Wand              |       |     3 ||     3
  Use: Scroll            |       |     9 ||     9
       Potion            |       |     6 ||     6
 Stab: Sleeping          |    25 |    33 ||    58
       Confused          |       |     1 ||     1
  Eat: Corpse            |       |     1 ||     1
Armor: Robe              |    10 |    30 ||    40
Dodge: Dodged            |    21 |    73 ||    94
